 Dungeon Crawl Stone Soup version 0.26.1-10-gdfb7c7de75 (webtiles) character file.

Game seed: 1082103093733451236

10 Revguard the Vexing (level 2, -2/19 HPs)
             Began as a Barachi Enchanter on Apr 2, 2021.
             Slain by a hobgoblin (3 damage)
             ... led by Robin
             ... on level 2 of the Dungeon.
             The game lasted 00:02:04 (390 turns).

Revguard the Vexing (Barachi Enchanter)              Turns: 390, Time: 00:02:04

Health: -2/19      AC:  2    Str:  9    XL:     2   Next: 20%
Magic:  1/5        EV: 12    Int: 15    God:
Gold:   10         SH:  0    Dex: 12    Spells: 2/5 levels left

rFire    . . .     SeeInvis .   a - +1 dagger
rCold    . . .     Faith    .   (no shield)
rNeg     . . .     Spirit   .   b - +0 robe
rPois    .         Reflect  .   (no helmet)
rElec    .         Harm     .   (no cloak)
rCorr    .         Rampage  .   (no gloves)
Will     .....                  (no boots)
Stlth    ++........             (no amulet)
HPRegen  0.06/turn              (no ring)
MPRegen  0.09/turn              (no ring)

@: slow
A: +LOS, swims, slowness 1, strong legs 1
a: Hop


You were on level 2 of the Dungeon.
You visited 1 branch of the dungeon, and saw 2 of its levels.

You collected 10 gold pieces.

Inventory:

Hand Weapons
 a - a +1 dagger (weapon)
Armour
 b - a +0 robe (worn)
Jewellery
 d - a cursed ring of teleportation {unknown}
Scrolls
 e - a scroll of fear {unknown}


   Skills:
 + Level 1.1 Short Blades
 + Level 2.3 Dodging
 - Level 2.9 Stealth
 * Level 2.4 Spellcasting
 * Level 3.5 Hexes


You had 2 spell levels left.
You knew the following spells:

 Your Spells              Type           Power        Failure   Level
a - Corona                Hex            13%          4%          1
b - Ensorcelled Hibernat  Hex/Ice        14%          16%         2

Your spell library contained the following spells:

 Spells                   Type           Power        Failure   Level
 Confusing Touch          Hex            12%          16%         3
 Tukima's Dance           Hex            12%          16%         3
 Dazzling Flash           Conj/Hex       14%          30%         3


Dungeon Overview and Level Annotations

Branches:
Dungeon (1/15)

Altars:

Annotations:
D:2 Robin


Innate Abilities, Weirdness & Mutations

You can be seen from farther away. (+LOS)
You can swim through water.
You cover ground slowly.
You can hop short distances.


Message History

Aim: a goblin, wielding a +0 dagger (chance to affect: 56%)
The goblin resists with significant effort.
The goblin hits you but does no damage.
As you read the scroll labelled COVUABR KIMU, it crumbles to dust.
The creatures around you are filled with an inner flame!
It was a scroll of immolation.
The goblin misses you.
Robin says, "Bow before me, strongest of all the hobgoblins!"
Robin throws the goblin at you!
* * * LOW HITPOINT WARNING * * *
Things that are here:
a +0 short sword; a ring mail; a jackal skeleton The goblin hits you.
* * * LOW HITPOINT WARNING * * *
The goblin hits you.
* * * LOW HITPOINT WARNING * * *
You closely miss the goblin. The goblin barely misses you.
The goblin hits you but does no damage.
You barely miss the goblin. The goblin barely misses you.
The hobgoblin hits you.
You die...

#.##.# .##. ... .# ....
#####.##.# #...#
#........#####. #...#
#.............. #...#
#...........# ## #####...#####
#........# ...#
#...........###gg......#.....#
...........gg.gg@............#
#...........######.#.###.....#
###.....#### #.......##.....#
#.....# #.##.#......###
#...g.# # ...##.##### #.....#
#..####.# #..g..# #.......#
###g### #......#### #. #.##.#


You could see Robin (inner flame), a hobgoblin (inner flame) and 4 goblins.

Vanquished Creatures
  A worm (D:2)
  3 jackals (D:2)
  2 kobolds
6 creatures vanquished.

Notes
Turn   | Place    | Note
-------+----------+-------------------------------------------
     0 | D:1      | Revguard the Barachi Enchanter began the quest for the Orb.
     0 | D:1      | Reached XP level 1. HP: 13/13 MP: 3/3
   151 | D:1      | You fall into a shaft and drop 1 floor!
   182 | D:2      | Reached XP level 2. HP: 14/19 MP: 0/5
   202 | D:2      | Learned a level 2 spell: Ensorcelled Hibernation
   374 | D:2      | Noticed Robin
   390 | D:2      | Slain by a hobgoblin

Illustrated notes

Levels and vault maps discovered:
D:1:      nzn_arrival_depleted_hourglass, layout_basic
D:2:      layout_loops_cross, uniq_sigmund, uniq_robin, uniq_natasha,
          uniq_jessica

Action                   || total
-------------------------++-------
Melee: Dagger            ||    35
 Cast: Corona            ||     6
       Ensorcelled Hiber ||     3
  Use: Scroll            ||     1
 Stab: Sleeping          ||     1
Armor: Robe              ||     5
Dodge: Dodged            ||    28
